 Dungeon Crawl Stone Soup version 0.17.2-1-ge4368a0 (webtiles) character file.

5822 Khazaran the Destroyer (level 10, 75/75 HPs)
             Began as a Deep Elf Wizard on Oct 25, 2017.
             Was a Priest of Sif Muna.
             Starved to death
             ... on level 10 of the Dungeon.
             The game lasted 00:21:56 (11652 turns).

Khazaran the Destroyer (Deep Elf Wizard)           Turns: 11652, Time: 00:21:56

Health: 75/75      AC: 25    Str:  4    XL:     10   Next: 51%
Magic:  6/34       EV:  2    Int: 27    God:    Sif Muna [***...]
Gold:   128        SH:  0    Dex: 13    Spells: 6 memorised, 14 levels left

rFire  . . .     SeeInvis .     (no weapon)
rCold  . . .     Clarity  .     (armour currently unavailable)
rNeg   + + +     SustAt   .     (no shield)
rPois  +         Gourm    .     (helmet currently unavailable)
rElec  .         Spirit   .     (cloak currently unavailable)
rCorr  .         Warding  .     (gloves currently unavailable)
rMut   .         NoTele   +     (boots currently unavailable)
MR     ++...                    f - amulet of regeneration
Stlth  +++.......               u - ring of protection from magic
                                l - ring of magical power

@: tree-form (expiring), very slightly contaminated, fainting, very resistant to
hostile enchantments, fairly stealthy
A: wild magic 1
a: Channel Energy, Forget Spell, Renounce Religion


You were on level 10 of the Dungeon.
You worshipped Sif Muna.
Sif Muna was most pleased with you.
You were fainting.
You were a tree.
You visited 2 branches of the dungeon, and saw 11 of its levels.

You collected 407 gold pieces.
You spent 279 gold pieces at shops.

Inventory:

Hand Weapons
 a - a +2 dagger of protection
 i - a +2 whip of distortion
Armour
 b - a +0 hat (melded)
 o - a +0 cloak (melded)
 s - a +0 robe
 x - the +4 ring mail "Cepibba" {Int+6}
   (You found it on level 5 of the Dungeon)

   It affects your intelligence (+6).
 y - a +1 robe of cold resistance
 A - a +2 pair of gloves of archery (melded)
 B - the +2 leather armour "Jyghou" (melded) {Regen+ Dex+3}
   (You found it on level 9 of the Dungeon)

   It affects your dexterity (+3).
   It increases your rate of regeneration.
Jewellery
 f - an amulet of regeneration (around neck)
 g - an uncursed amulet of resist mutation
 h - an uncursed ring of see invisible
 j - an uncursed ring of flight
 l - a ring of magical power (left branch)
 r - an uncursed ring of positive energy {unknown}
 u - a ring of protection from magic (right branch)
 z - a +4 ring of dexterity
 C - an uncursed ring of protection from magic
Wands
 d - a wand of fire (0)
 n - a wand of random effects (0)
 p - a wand of magic darts (20)
Scrolls
 e - 6 scrolls of identify
 w - 3 scrolls of amnesia
Potions
 m - 2 potions of flight
 t - a potion of cancellation
Books
 c - a book of Minor Magic

   Spells                             Type                      Level
   a - Magic Dart                     Conjuration                  1
   b - Blink                          Translocation                2
   c - Call Imp                       Summoning                    2
   d - Repel Missiles                 Charms/Air                   2
   e - Slow                           Hexes                        2
   f - Conjure Flame                  Conjuration/Fire             3
   g - Mephitic Cloud                 Conjuration/Poison/Air       3
 D - a book of Callings

   Spells                             Type                      Level
   a - Summon Small Mammal            Summoning                    1
   b - Call Imp                       Summoning                    2
   c - Call Canine Familiar           Summoning                    3
   d - Summon Guardian Golem          Hexes/Summoning              3
   e - Summon Lightning Spire         Summoning/Air                4
   f - Summon Ice Beast               Ice/Summoning                4


   Skills:
 - Level 2.4 Dodging
 - Level 2.4 Stealth
 + Level 9.4 Spellcasting
 * Level 9.7 Conjurations
 + Level 5.9 Charms
 - Level 1.1 Summonings
 - Level 3.2 Translocations
 * Level 5.6 Fire Magic
 + Level 3.9 Air Magic
 - Level 3.0 Poison Magic
 * Level 5.9 Invocations
 - Level 4.7 Evocations


You had 14 spell levels left.
You knew the following spells:

 Your Spells              Type           Power        Failure   Level  Hunger
a - Magic Dart            Conj           ####         1%          1    None
b - Blink                 Tloc           N/A          5%          2    None
c - Call Imp              Summ           ####....     13%         2    None
d - Conjure Flame         Conj/Fire      ######..     3%          3    None
e - Mephitic Cloud        Conj/Pois/Air  ######..     4%          3    None
k - Repel Missiles        Chrm/Air       ######       3%          2    None


Dungeon Overview and Level Annotations

Branches:
Dungeon (10/15)            Temple (1/1) D:7            Lair (0/8) D:9
    Orc: D:9-12

Altars:
Gozag
Okawaru
Ru
Sif Muna
Trog
Vehumet
Xom
Zin
The Shining One

Shops:
D:8 [

Annotations:
D:5 Duvessa
D:9 Khazaran's ghost, novice DsMo


Innate Abilities, Weirdness & Mutations

Your spells are a little harder to cast, but a little more powerful.


Message History

The hungry ghost is severely damaged.
Your crimson imp completely misses the hungry ghost.
The hungry ghost hits you.
You feel slightly more hungry.
You closely miss the hungry ghost.
The hungry ghost is severely damaged.
Your crimson imp misses the hungry ghost.
The hungry ghost hits you.
You feel slightly more hungry.
You hit the hungry ghost but do no damage.
The hungry ghost is severely damaged.
Your transformation is almost over.
Your crimson imp completely misses the hungry ghost.
The hungry ghost hits you.
You feel slightly more hungry.
You barely miss the hungry ghost.
The hungry ghost is severely damaged.
Your crimson imp blinks!
The hungry ghost hits you.
You closely miss the hungry ghost.
The hungry ghost is severely damaged.
You have starved to death.
You die...

###[.)#####
#.........#
#.........#
#.........+
#.........#
#..Z......#
#.....5...#
#..W§.....#
#..♣......#
#.........#
#.........#
#.........#
###########


You could see a hungry ghost, an orc zombie and a friendly crimson imp.

Vanquished Creatures
  Sigmund (D:5)
  A deep elf mage (D:9)
  3 yaks (D:9)
  A hippogriff (D:9)
  Grum (D:9)
  4 wolves (D:9)
  3 sky beasts
  4 porcupines (D:9)
  2 water moccasins
  A black bear (D:8)
  An ice beast (D:7)
  7 ogres
  2 centaurs
  3 orc warriors
  A necrophage (D:6)
  A crocodile (D:9)
  A big kobold (D:7)
  Blork the orc (D:5)
  A water moccasin zombie (D:9)
  4 giant frogs
  Dowan (D:5)
  A scorpion (D:8)
  3 electric eels (D:9)
  5 hounds
  A giant frog zombie (D:8)
  A gnoll shaman (D:6)
  6 orc priests
  2 jellies (D:7)
  2 giant frog skeletons
  Jessica (D:2)
  15 orc wizards
  5 worker ants
  Terence (D:2)
  An iguana (D:8)
  2 ogre zombies (D:10)
  A hound zombie (D:8)
  A hound skeleton (D:4)
  A worker ant zombie (D:7)
  10 gnolls
  12 adders
  4 river rats (D:9)
  3 oozes
  An adder skeleton (D:4)
  An adder zombie (D:9)
  A worm (D:3)
  8 giant geckos
  33 orcs
  7 bats
  6 giant cockroaches
  9 goblins
  11 hobgoblins
  13 jackals
  9 quokkas
  2 ball pythons
  A giant cockroach zombie (D:4)
  A giant gecko skeleton (D:6)
  4 giant newts
  A hobgoblin zombie (D:10)
  12 kobolds
  3 orc zombies (D:10)
  7 rats
252 creatures vanquished.

Vanquished Creatures (collateral kills)
  A yak (D:9)
  An orc (D:7)
2 creatures vanquished.

Vanquished Creatures (others)
  2 river rats (D:9)
  3 fungi (D:9)
  4 plants (D:9)
9 creatures vanquished.

Grand Total: 263 creatures vanquished

Notes
Turn   | Place    | Note
--------------------------------------------------------------
     0 | D:1      | Khazaran the Deep Elf Wizard began the quest for the Orb.
     0 | D:1      | Reached XP level 1. HP: 10/10 MP: 7/7
   289 | D:1      | Reached XP level 2. HP: 15/15 MP: 3/9
   828 | D:1      | Reached XP level 3. HP: 19/19 MP: 6/11
  1340 | D:2      | Learned a level 2 spell: Blink
  1343 | D:2      | Learned a level 2 spell: Repel Missiles
  1347 | D:2      | Learned a level 3 spell: Mephitic Cloud
  1352 | D:2      | Learned a level 3 spell: Conjure Flame
  1388 | D:2      | Reached skill level 5 in Spellcasting
  1656 | D:2      | Noticed Jessica
  1659 | D:2      | Killed Jessica
  1659 | D:2      | Reached XP level 4. HP: 20/24 MP: 13/13
  1735 | D:2      | Found a shimmering altar of Xom.
  1835 | D:2      | Noticed Terence
  2009 | D:2      | Killed Terence
  2693 | D:3      | Reached XP level 5. HP: 28/28 MP: 15/15
  2720 | D:3      | Found an opulent altar of Gozag.
  2740 | D:3      | Reached skill level 1 in Evocations
  2825 | D:3      | Reached skill level 5 in Conjurations
  2850 | D:3      | Reached skill level 6 in Spellcasting
  3528 | D:4      | Reached XP level 6. HP: 32/32 MP: 17/17
  4106 | D:4      | Reached XP level 7. HP: 32/36 MP: 18/18
  4140 | D:4      | Noticed an ogre
  4152 | D:4      | Killed an ogre
  4439 | D:5      | Entered Level 5 of the Dungeon
  4450 | D:5      | Noticed Sigmund
  4458 | D:5      | Killed Sigmund
  4458 | D:5      | Reached skill level 7 in Spellcasting
  4599 | D:5      | Got a transparent ring mail
  4600 | D:5      | Identified the +4 ring mail "Cepibba" {Int+6} (You found it on level 5 of the Dungeon)
  4819 | D:5      | Noticed Duvessa
  4820 | D:5      | Noticed Dowan
  4846 | D:5      | Noticed Blork the orc
  4867 | D:5      | Killed Blork the orc
  4872 | D:5      | Killed Dowan
  5053 | D:5      | Reached XP level 8. HP: 41/41 MP: 21/21
  5685 | D:6      | Found a deep blue altar of Sif Muna.
  5757 | D:6      | Became a worshipper of Sif Muna the Loreminder
  5804 | D:6      | Reached skill level 8 in Spellcasting
  5969 | D:6      | Gained mutation: Your spells are a little harder to cast, but a little more powerful. [mutagenic meat]
  6030 | D:6      | Reached skill level 1 in Invocations
  6043 | D:6      | Reached skill level 1 in Charms
  6234 | D:6      | Found a shimmering altar of Xom.
  6279 | D:6      | Reached skill level 1 in Fire Magic
  6283 | D:6      | Reached skill level 1 in Poison Magic
  6696 | D:7      | Reached skill level 1 in Air Magic
  6811 | D:7      | Reached * piety under Sif Muna
  7404 | D:7      | Learned a level 2 spell: Call Imp
  7434 | D:7      | Reached XP level 9. HP: 45/45 MP: 12/23
  7930 | D:7      | Found a staircase to the Ecumenical Temple.
  7954 | Temple   | Entered the Ecumenical Temple
  8904 | D:8      | Reached ** piety under Sif Muna
  9129 | D:8      | Found Neimamp's Armour Emporium.
  9137 | D:8      | Bought a +2 pair of gloves of archery for 279 gold pieces
  9780 | D:9      | Reached skill level 9 in Spellcasting
  9918 | D:9      | Found a glowing silver altar of Zin.
  9921 | D:9      | Found a staircase to the Lair.
  9923 | D:9      | Got an ichor-stained leather armour
  9989 | D:8      | Identified the +2 leather armour "Jyghou" {Regen+ Dex+3} (You found it on level 9 of the Dungeon)
 10023 | D:9      | Noticed Grum
 10028 | D:9      | Noticed Khazaran's ghost (novice DsMo)
 10038 | D:9      | Reached XP level 10. HP: 50/50 MP: 17/25
 10041 | D:9      | Reached *** piety under Sif Muna
 10041 | D:9      | Reached skill level 5 in Invocations
 10063 | D:9      | Reached skill level 5 in Charms
 10066 | D:9      | Killed Grum
 10277 | D:9      | Reached skill level 5 in Fire Magic
 11151 | D:9      | Found an iron altar of Okawaru.
 11231 | D:10     | Entered Level 10 of the Dungeon
 11564 | D:10     | Noticed an orc sorcerer
 11652 | D:10     | Starved to death

Action                   |  1- 3 |  4- 6 |  7- 9 | 10-12 || total
-------------------------+-------+-------+-------+-------++-------
Melee: Dagger            |       |     8 |     8 |    10 ||    26
       Unarmed           |       |       |       |    17 ||    17
 Cast: Magic Dart        |    77 |   159 |   413 |   182 ||   831
       Repel Missiles    |     1 |     1 |     2 |       ||     4
       Mephitic Cloud    |       |     8 |    37 |    10 ||    55
       Conjure Flame     |       |     2 |    19 |     8 ||    29
       Blink             |       |     1 |     7 |    10 ||    18
       Call Imp          |       |       |     3 |     1 ||     4
Evoke: Wand              |       |     2 |    11 |       ||    13
  Use: Scroll            |     3 |     1 |     8 |     1 ||    13
       Potion            |     3 |       |     2 |     6 ||    11
  Eat: Bread ration      |     1 |     1 |     1 |       ||     3
       Beef jerky        |       |     1 |       |       ||     1
       Chunk             |       |     1 |     2 |     2 ||     5
       Meat ration       |       |       |     2 |       ||     2
       Pizza             |       |       |     2 |     2 ||     4
